Map: King Sejong Station LE

Players

DatBoiNYK (NYK) - Winner!

  • Race: Zerg Zerg
  • League: Grandmaster

ByRada

  • Race: Zerg Zerg
  • League: Grandmaster

VOD

Have the link to the VOD?

Description

Time

  • Played on: July 19, 2016, 10:43 p.m.
  • Length: 4:19
Show
View Real Time Build Order
Export as new Build Order

DatBoiNYK Zerg - Winner!

Build Orders: Hatch First, Zergling Baneling 

Get SALT Encoding   

  12  0:01  Drone  
  13  0:14  Overlord  
  13  0:17  Drone  
  14  0:33  Drone x2  
  16  0:39  Drone  
  17  0:53  Hatchery  
  17  0:56  Drone  
  17  0:58  Drone  
  18  1:10  Extractor  
  17  1:14  Spawning Pool  
  17  1:17  Drone  
  17  1:20  Drone  
  18  1:30  Drone  
  19  1:42  Overlord  
  19  1:53  Drone  
  20  2:01  Queen  
  20  2:02  Drone  
  20  2:06  Queen  
  20  2:07  Drone  
  26  2:09  Metabolic Boost  
  26  2:15  Drone  
  27  2:19  Drone  
  28  2:27  Drone x2  
  30  2:35  Zergling x2  
  31  2:43  Hatchery  
  30  2:46  Baneling Nest  
  30  2:47  Drone  
  30  2:49  Zergling x2  
  31  2:52  Drone  
  32  2:59  Overlord  
  32  3:00  Drone  
  33  3:08  Drone  
  34  3:13  Zergling x2  
  34  3:15  Zergling x2  
  34  3:17  Zergling x10  
  41  3:23  Overlord  
  41  3:33  Baneling x2  
  41  3:37  Overlord  
  41  3:38  Zergling x4  
  43  3:42  Zergling x6  
  43  3:46  Baneling  
  46  3:48  Baneling  
  46  3:52  Zergling x2  
  46  3:53  Zergling x6  
  49  4:01  Zergling x6  
  49  4:02  Baneling x3  
  52  4:03  Baneling  
Show
View Real Time Build Order
Export as new Build Order

ByRada Zerg 

Build Orders: Hatch First 

Get SALT Encoding   

  12  0:00  Drone  
  13  0:07  Drone  
  14  0:16  Overlord  
  14  0:21  Extractor  
  14  0:22  Drone  
  15  0:35  Drone x2  
  17  0:52  Hatchery  
  17  0:55  Drone  
  17  0:58  Drone  
  17  1:00  Extractor  
  17  1:13  Spawning Pool  
  17  1:17  Drone  
  17  1:20  Drone  
  18  1:26  Drone  
  19  1:38  Overlord  
  19  1:49  Drone  
  20  2:00  Queen  
  20  2:01  Metabolic Boost, Zergling x2  
  23  2:05  Drone  
  24  2:09  Queen  
  24  2:14  Drone  
  27  2:20  Drone  
  28  2:23  Evolution Chamber  
  28  2:25  Drone  
  28  2:29  Drone  
  29  2:33  Drone  
  30  2:39  Queen  
  32  2:44  Drone  
  32  2:45  Drone  
  34  3:07  Hatchery  
  34  3:12  Baneling Nest  
  32  3:14  Drone  
  32  3:15  Drone  
  32  3:18  Drone  
  35  3:23  Drone  
  35  3:27  Overlord  
  36  3:36  Overlord  
  36  3:46  Zergling x2  
  36  3:47  Zergling x10  
  41  3:58  Zergling x8  
  41  3:59  Zergling x4  
Tags
 
Add a new tag
Caveats
  • Supply blocks, unpowered buildings, or Contaminate may cause inaccurate times.
  • Supply counts are checked every 10 seconds.